 Dungeon Crawl Stone Soup version 0.17.0-1-g61d176b (webtiles) character file.

1745 Kolbur the Spear-Bearer (level 9, -5/65 HPs)
             Began as a Merfolk Ice Elementalist on Nov 7, 2015.
             Was a Follower of Makhleb.
             Slain by a shadow (32 damage)
             ... on level 9 of the Dungeon.
             The game lasted 00:59:51 (2999 turns).

Kolbur the Spear-Bearer (Merfolk Ice Elementalist)  Turns: 2999, Time: 00:59:51

Health: -5/65      AC:  9    Str: 10    XL:     9   Next: 6%
Magic:  4/14       EV: 14    Int: 15    God:    Makhleb [*.....]
Gold:   252        SH:  0    Dex: 13    Spells: 6 memorised, 2 levels left

rFire  + . .     SeeInvis .     a - +2 spear (freeze)
rCold  . . .     Clarity  .     h - +0 robe
rNeg   . . .     SustAt   .     (no shield)
rPois  .         Gourm    .     (no helmet)
rElec  .         Spirit   .     (no cloak)
rCorr  .         Warding  .     (no gloves)
rMut   .         Stasis   .     n - +1 pair of boots
MR     .....                    (no amulet)
Stlth  ++........               D - ring of protection from fire
                                o - ring of wizardry

@: icy armour, repel missiles, not resistant to hostile enchantments, unstealthy
A: change form in water, swift swim, clumsy 1
a: Renounce Religion


You were on level 9 of the Dungeon.
You worshipped Makhleb.
Makhleb was aware of your devotion.
You were hungry.

You visited 2 branches of the dungeon, and saw 12 of its levels.
You also visited: Sewer.

You collected 252 gold pieces.

Inventory:

Hand Weapons
 a - a +2 spear of freezing (weapon)
 F - a +0 glaive
Missiles
 d - 77 stones
 j - 4 tomahawks
 E - 33 poisoned needles
 H - 2 steel tomahawks (quivered)
Armour
 h - a +0 robe (worn)
 n - a +1 pair of boots (worn)
Jewellery
 o - a ring of wizardry (left hand)
 D - a ring of protection from fire (right hand)
Wands
 s - a wand of slowing (12)
 G - a wand of random effects (35)
 K - a wand of invisibility (4)
Scrolls
 e - a scroll of enchant armour
 k - a scroll of fog
 l - a scroll of blinking {unknown}
 v - a scroll of recharging
 x - a scroll of enchant weapon
 y - a scroll of teleportation
Potions
 f - 3 potions of might
 i - 2 potions of curing
 q - a potion of brilliance
 r - 3 potions of magic
 t - 2 potions of ambrosia {unknown}
 z - 2 potions of flight
 A - 3 potions of haste
 C - a potion of poison {unknown}
Books
 b - a book of Frost

   Spells                             Type                      Level
   a - Freeze                         Ice                          1
   b - Throw Frost                    Conjuration/Ice              2
   c - Ozocubu's Armour               Charms/Ice                   3
   d - Throw Icicle                   Conjuration/Ice              4
   e - Summon Ice Beast               Ice/Summoning                4
   f - Condensation Shield            Ice                          4
 u - a book of Minor Magic

   Spells                             Type                      Level
   a - Magic Dart                     Conjuration                  1
   b - Blink                          Translocation                2
   c - Call Imp                       Summoning                    2
   d - Repel Missiles                 Charms/Air                   2
   e - Slow                           Hexes                        2
   f - Conjure Flame                  Conjuration/Fire             3
   g - Mephitic Cloud                 Conjuration/Poison/Air       3
Miscellaneous
 g - a phantom mirror
Comestibles
 c - 5 bread rations
 m - a slice of pizza
 w - 2 meat rations
 B - a beef jerky


   Skills:
 + Level 3.7 Fighting
 - Level 12.0 Polearms
 + Level 5.2 Dodging
 - Level 2.1 Stealth
 * Level 3.7 Spellcasting
 - Level 0.7 Conjurations
 - Level 5.1 Ice Magic


You had 2 spell levels left.
You knew the following spells:

 Your Spells              Type           Power        Failure   Level  Hunger
a - Freeze                Ice            ###.         1%          1    None
b - Blink                 Tloc           N/A          14%         2    ##.....
d - Magic Dart            Conj           #...         6%          1    None
i - Summon Ice Beast      Ice/Summ       ##......     34%         4    ####...
m - Repel Missiles        Chrm/Air       #.....       14%         2    ##.....
o - Ozocubu's Armour      Chrm/Ice       ##......     9%          3    ###....


Dungeon Overview and Level Annotations

Branches:
Dungeon (11/15)            Temple (1/1) D:6
   Lair: D:8-11         Orc: D:9-12

Altars:
Cheibriados
Dithmenos
Elyvilon
Gozag
Kikubaaqudgha
Makhleb
Nemelex Xobeh
Okawaru
Qazlal
Xom
Zin
The Shining One

Annotations:
D:3 Terence
D:10 Erica


Innate Abilities, Weirdness & Mutations

You revert to your normal form in water.
You are very nimble and swift while swimming.
You are clumsy. (Dex -2)


Message History

Unknown command.
Throwing (i - inventory. (,) - cycle):
H - 2 steel tomahawks (quivered)
Press: ? - help, Shift-Dir - straight line, f - shadow
Aim: a shadow
Okay, then.
Casting: Summon Ice Beast
Confirm with . or Enter, or press ? or * to list all spells.
A film of ice covers your body! The shadow hits you.
Your ice beast barely misses the shadow.
You hit the shadow but do no damage. You puncture the shadow!
The shadow is moderately damaged.
The shadow slips into darkness.
The shadow flickers and vanishes!
Deactivating autopickup; reactivate with Ctrl-A.
Your ice beast hits something but does no damage.
An ice beast comes into view.
There is an open door here.
The shadow strikes at you from the darkness!
You die...

KK.......'....#
.K.#######....#
####..........#
...........#
...........#######+###
......................#
......................#
......................#
.............@........#
##....#######'#####..#
#....#....Y.......Y.#
... +..............#
###'########...#
..........#####
#.....[.....#
#...........#
+...........#


There were no monsters in sight!

Vanquished Creatures
  The ghost of FUKTRUK the Cutter, an amateur VSBe of Trog (Sewer)
  A hungry ghost (D:8)
  The ghost of Dirtsage the Skirmisher, an amateur GrFi (D:4)
  2 orc warriors (D:6)
  An ogre (D:6)
  2 sky beasts
  A centaur (D:7)
  5 scorpions
  A crimson imp (D:8)
  A hound (D:5)
  2 orc priests
  5 orc wizards
  2 worker ants
  An iguana (D:10)
  A hound skeleton (D:4)
  3 gnolls (D:5)
  6 adders
  A shadow imp (D:10)
  5 oozes (Sewer)
  An adder skeleton (D:6)
  4 worms
  2 giant geckos (D:5)
  17 orcs
  A ball python (D:3)
  8 bats (Sewer)
  4 giant cockroaches
  3 hobgoblins
  3 kobolds
  4 quokkas
  6 giant newts
  9 jackals
  5 rats
109 creatures vanquished.

Notes
Turn   | Place    | Note
--------------------------------------------------------------
     0 | D:1      | Kolbur the Merfolk Ice Elementalist began the quest for the Orb.
     0 | D:1      | Reached XP level 1. HP: 13/13 MP: 3/3
   101 | D:2      | Reached skill level 4 in Ice Magic
   101 | D:2      | Reached XP level 2. HP: 19/19 MP: 3/5
   177 | D:3      | Noticed Terence
   201 | D:2      | Found a white marble altar of Elyvilon.
   292 | D:3      | Reached XP level 3. HP: 24/24 MP: 2/6
   297 | D:3      | Learned a level 3 spell: Ozocubu's Armour
   356 | D:4      | Reached skill level 1 in Polearms
   357 | D:4      | Noticed a scorpion
   380 | D:4      | Noticed Dirtsage's ghost (amateur GrFi)
   382 | D:4      | Noticed a scorpion
   441 | D:3      | Reached skill level 5 in Ice Magic
   441 | D:3      | Reached XP level 4. HP: 17/30 MP: 2/7
   489 | D:4      | Learned a level 2 spell: Repel Missiles
   545 | D:4      | Killed a scorpion
   545 | D:4      | Reached XP level 5. HP: 15/35 MP: 3/8
   601 | D:5      | Entered Level 5 of the Dungeon
   662 | D:5      | Learned a level 2 spell: Blink
   789 | D:5      | Reached skill level 5 in Polearms
   871 | D:5      | Found a glowing drain.
   875 | Sewer    | Entered a sewer
   954 | Sewer    | Noticed FUKTRUK's ghost (amateur VSBe)
   985 | Sewer    | Killed FUKTRUK's ghost
   985 | Sewer    | Reached skill level 1 in Fighting
   985 | Sewer    | Reached skill level 7 in Polearms
   985 | Sewer    | Reached XP level 6. HP: 27/44 MP: 4/9
  1310 | D:5      | Noticed a sky beast
  1319 | D:5      | Killed a sky beast
  1319 | D:5      | Reached XP level 7. HP: 50/50 MP: 3/10
  1372 | D:5      | Reached skill level 8 in Polearms
  1591 | D:6      | Reached skill level 9 in Polearms
  1613 | D:6      | Found a staircase to the Ecumenical Temple.
  1624 | Temple   | Entered the Ecumenical Temple
  1667 | Temple   | Became a worshipper of Makhleb the Destroyer
  1876 | D:6      | Reached XP level 8. HP: 24/58 MP: 11/11
  1975 | D:6      | Reached skill level 10 in Polearms
  2148 | D:4      | Killed Dirtsage's ghost
  2185 | D:4      | Killed a scorpion
  2231 | D:5      | Found a shadowy altar of Dithmenos.
  2247 | D:5      | Reached skill level 11 in Polearms
  2264 | D:5      | Reached * piety under Makhleb
  2375 | D:8      | Reached skill level 5 in Dodging
  2387 | D:8      | Learned a level 4 spell: Summon Ice Beast
  2389 | D:8      | Learned a level 1 spell: Magic Dart
  2477 | D:8      | Found a sparkling altar of Nemelex Xobeh.
  2478 | D:8      | Found an opulent altar of Gozag.
  2603 | D:9      | HP: 2/58 [something (14)]
  2646 | D:10     | Entered Level 10 of the Dungeon
  2685 | D:11     | Noticed a troll
  2685 | D:11     | Noticed a troll
  2806 | D:10     | Noticed a hill giant
  2807 | D:10     | Noticed Erica
  2898 | D:9      | Reached skill level 12 in Polearms
  2898 | D:9      | Reached XP level 9. HP: 20/64 MP: 4/14
  2902 | D:9      | Gained mutation: You are clumsy. (Dex -2) [mutagenic meat]
  2999 | D:9      | Slain by a shadow

Action                   |  1- 3 |  4- 6 |  7- 9 || total
-------------------------+-------+-------+-------++-------
Melee: Spear             |    27 |    86 |   204 ||   317
Throw: Stone             |     9 |     1 |     4 ||    14
       Tomahawk          |       |       |    16 ||    16
 Cast: Freeze            |    20 |    26 |    65 ||   111
       Repel Missiles    |       |     1 |     1 ||     2
       Ozocubu's Armour  |       |     2 |    11 ||    13
       Blink             |       |       |     5 ||     5
       Summon Ice Beast  |       |       |     1 ||     1
Evoke: Wand              |       |       |     5 ||     5
  Use: Scroll            |       |       |    18 ||    18
       Potion            |       |       |     1 ||     1
 Stab: Sleeping          |     3 |     3 |     6 ||    12
  Eat: Chunk             |       |     1 |     9 ||    10
       Royal jelly       |       |       |     1 ||     1

Vault maps used:
D:1:      dpeg_arrival_chase, minmay_misc_feat_ornament
D:2:      minitemple, nicolae_overflow_hidden_temple, lemuel_round_altar,
          first_bread
D:3:      grunt_ministairs_15, uniq_terence
D:5:      nicolae_dithmenos_through_a_glass_darkly, gup_sewer_entry_spiral,
          amalloy_card_club
D:6:      minmay_temple_entry_water_ring, hangedman_abyss_or_decor_lesser_grid,
          elyvilon_altar_1
D:7:      uniq_crazy_yiuf_cottage
D:8:      grunt_temple_overflow_opulence
D:10:     uniq_erica
D:11:     grunt_lair_entry_elf_guard_hut
Temple:   jpeg_temple_alley_garden_8
Sewer:    sewer_fruit_machine

Table legend:
 A = Turns spent in this place as a percentage of turns spent in the entire game.
 B = Non-inter-level travel turns spent in this place as a percentage of non-inter-level travel turns spent in the entire game.
 C = Inter-level travel turns spent in this place as a percentage of turns spent in this place.
 D = Turns resting spent in this place as a percentage of non-inter-level travel turns spent in this place.
 E = Turns spent auto-exploring this place as a percentage of non-inter-level travel turns spent in this place.
 F = Non-inter-level travel turns spent in this place divided by the number of levels of this place that you've seen.
                   A       B       C       D       E      F
               +-------+-------+-------+-------+-------+----------------------
         Total | 100.0 | 100.0 |   0.2 |   0.0 |   0.0 | 223.2
       Dungeon |  85.8 |  85.8 |   0.2 |   0.0 |   0.0 | 226.4
        Temple |   1.6 |   1.6 |   2.1 |   0.0 |   0.0 |  46.0
         Sewer |  12.6 |  12.6 |   0.0 |   0.0 |   0.0 | 366.0
               +-------+-------+-------+-------+-------+----------------------
